 Dungeon Crawl Stone Soup version 0.30-a0-743-gbfdf073 (webtiles) character file.

Game seed: 12531621311037996970

2535 malesh the Shooter (level 9, -2/71 HPs)
             Began as a Barachi Hexslinger on Feb 6, 2023.
             Was a Follower of Ashenzari.
             Killed by an exploding wolf (39 damage)
             ... ignited by their inner flame
             ... on level 7 of the Dungeon.
             The game lasted 00:33:18 (6346 turns).

malesh the Shooter (Barachi Hexslinger)             Turns: 6346, Time: 00:33:18

Health: -2/71      AC:  7    Str: 12    XL:     9   Next: 55%
Magic:  12/18      EV: 15    Int: 18    God:    Ashenzari [*.....]
Gold:   227        SH:  0    Dex: 18    Spells: 9/20 levels left

rFire   . . .      SeeInvis .    a - +2 sling (heavy)
rCold   . . .      Faith    .    (no shield)
rNeg    . . .      Spirit   .    c - +0 robe
rPois   .          Reflect  .    l - +1 helmet
rElec   .          Harm     .    v - +1 cloak
rCorr   .          Rampage  .    k - +0 pair of gloves
Will    .....                    (no boots)
Stlth   ++                       u - amulet "Sibylline Seeker" {Regen+, Self, Comp} (curse)
HPRegen 1.11/turn                g - ring of Ashenzari's Negligence {Wiz, Alch, Elem} (curse)
MPRegen 0.16/turn                y - +6 ring of dexterity

@: portalling projectiles, unable to hop, slow
A: amphibious, slowness 1, strong legs 1, +LOS
a: Hop, Renounce Religion, Shatter the Chains


You were on level 7 of the Dungeon.
You worshipped Ashenzari.
Ashenzari was aware of your devotion.
You visited 2 branches of the dungeon, and saw 9 of its levels.

You collected 376 gold pieces.
You spent 149 gold pieces at shops.

Inventory:

Hand Weapons
 a - a +2 heavy sling (weapon)
 d - a +2 dagger of venom
Missiles
 s - a throwing net
Armour
 c - a +0 robe (worn)
 k - a +0 pair of gloves (worn)
 l - a +1 helmet (worn)
 v - a +1 cloak (worn)
Jewellery
 f - a ring of willpower
 g - the cursed ring of Ashenzari's Negligence (left hand) {Wiz, Alch, Elem}
   (You found it on level 1 of the Dungeon)

   [ring of wizardry]

   It improves your spell success rate.
   It has a curse which improves the following skills: Alchemy: Poison Magic and
   Transmutations.
   Elements:  Fire Magic, Ice Magic, Air Magic and Earth Magic.
 n - a ring of flight
 u - the cursed amulet "Sibylline Seeker" (around neck) {Regen+, Self, Comp}
   (You found it on level 4 of the Dungeon)

   [amulet of regeneration]

   Regen:     It increases your rate of health regeneration.
   It has a curse which improves the following skills: Introspection: Fighting
   and Spellcasting.
   Companions: Summonings and Necromancy.
 y - a +6 ring of dexterity (right hand)
 A - a ring of ice
 B - an amulet of guardian spirit
Wands
 w - a wand of flame (38)
Scrolls
 q - a scroll of amnesia
 t - 3 scrolls of teleportation
 z - a scroll of fog
Potions
 b - a potion of invisibility
 e - 2 potions of heal wounds
 h - a potion of berserk rage
 i - a potion of magic
 j - a potion of flight
 m - a potion of haste
 o - a potion of might
 p - a potion of cancellation
 r - 2 potions of curing
 x - 2 potions of resistance
 D - a potion of brilliance


   Skills:
 + Level 5.6(6.5) Fighting
 * Level 7.8 Ranged Weapons
 + Level 5.3 Dodging
 * Level 5.4(6.3) Spellcasting
 + Level 6.1 Hexes
 - Level 1.6 Translocations
 + Level 1.8(2.5) Fire Magic


You had 9 spell levels left.
You knew the following spells:

 Your Spells              Type           Power      Damage    Failure   Level
a - Slow                  Hex            100%       N/A       1%          1
b - Inner Flame           Hex/Fire       21%        N/A       2%          3
c - Portal Projectile     Hex/Tloc       38%        N/A       2%          3
d - Cause Fear            Hex            13%        N/A       4%          4

Your spell library contained the following spells:

 Spells                   Type           Power      Damage    Failure   Level
 Apportation              Tloc           22%        N/A       2%          1
 Ozocubu's Armour         Ice            5%         N/A       14%         3
 Flame Wave               Conj/Fire      10%        2d6       26%         4
 Sticky Flame             Conj/Fire      10%        2d3       26%         4
 Alistair's Intoxication  Tmut/Pois      4%         N/A       73%         5
 Borgnjor's Vile Clutch   Necr/Erth      2%         N/A       75%         5
 Eringya's Noxious Bog    Tmut/Pois      3%         N/A       99%         6
 Ozocubu's Refrigeration  Ice            2%         4d8       100%        7


Dungeon Overview and Level Annotations

Branches:
Dungeon (8/15)             Temple (1/1) D:5
   Lair: D:8-11

Altars:
Ashenzari
Cheibriados
Dithmenos
Fedhas
Gozag
Kikubaaqudgha
Makhleb
Nemelex Xobeh
Okawaru
Qazlal
Ru
Trog
Uskayaw
Vehumet
Yredelemnul
Zin

Shops:
D:4 *

Annotations:
D:8 Grum, Joseph


Innate Abilities, Weirdness & Mutations

You are amphibious.
You cover ground slowly.
You can hop short distances.
You have an extended range of vision and can be seen from far away.


Message History

Joseph, a Mercenary comes into view.
He is wielding a +0 quarterstaff.
Grum glances around and shouts, "Rover!
Here boy!"
Casting: Portal Projectile (mildly dangerous; 2% risk of failure)
Confirm with . or Enter, or press ? or * to list all spells.
Okay, then.
Unknown command.
Joseph shouts!
The wolf bites you. The wolf barely misses you. The wolf misses you.
The wolf closely misses you. The wolf misses you. The wolf bites you.
Grum closely misses you.
The sky beast flickers out of sight!
Deactivating autopickup; reactivate with Ctrl-A.
You climb upwards.
Reactivating autopickup.
There is a stone staircase leading down here.
The wolf attacks as you move away! The wolf closely misses you. x2
The wolf completely misses you. The wolf bites you! The wolf barely misses you.
The wolf pauses to sniff the ground.
The wolf bites you.
Okay, then.
Hop to where?
Press: ? - help, Dir - move target Boing!
The wolf closely misses you. The wolf attacks as you move away!
The wolf bites you. The wolf closely misses you.
The wolf completely misses you. The wolf bites you.
Fire: a) +2 sling (heavy)
Press: ? - help, Shift-Dir - straight line, f - wolf
Aim: a wolf (inner flame, 55% to hit)
You magically shoot a sling bullet.
The sling bullet hits the wolf.
Flame seeps out of the wolf.
The wolf is lightly wounded.
The wolf is engulfed in blazing flames.
Flame seeps out of the wolf.
The wolf closely misses you. The wolf misses you.
The wolf is engulfed in blazing flames.
Flame seeps out of the wolf.
The wolf bites you. The wolf closely misses you.
The wolf is engulfed in blazing flames.
The wolf explodes!
The fiery explosion engulfs you!!!
Ouch! That really hurt!
You die...

#..#
#..##
#...#
##..#
##.?#
#°>.#
##h§##
#h○##
##@##
#..#
#..##
##..##
##..##
#
##..##
####
##..##
...#
##..###
...##
##...##


You could see 2 wolves.

Vanquished Creatures
  Pikel (D:5)
  Grinder (D:4)
  A water moccasin (D:6)
  An orc warrior (D:7)
  An ice beast (D:6)
  3 ogres
  2 lemures
  A wolf (D:7)
  A phantom (D:5)
  Blork the orc (D:5)
  A necrophage (D:6)
  A gnoll sergeant (D:6)
  4 scorpions
  3 bullfrogs
  A howler monkey (D:4)
  A hound (D:7)
  2 jellies
  2 orc priests (D:6)
  Ijyb (D:5)
  2 iguanas
  3 orc wizards
  6 gnolls
  12 adders
  2 shadow imps (D:6)
  2 white imps (D:6)
  An ufetubus (D:6)
  4 worms
  4 dart slugs
  17 orcs
  8 ball pythons
  9 bats
  9 endoplasms
  3 giant cockroaches
  10 goblins
  7 hobgoblins
  4 jackals
  6 quokkas
  A frilled lizard (D:1)
  6 kobolds
  7 rats
152 creatures vanquished.

Notes
Turn   | Place    | Note
-------+----------+-------------------------------------------
     0 | D:1      | malesh the Barachi Hexslinger began the quest for the Orb.
     0 | D:1      | Reached XP level 1. HP: 15/15 MP: 2/2
    54 | D:1      | Reached XP level 2. HP: 21/21 MP: 3/3
   276 | D:1      | Reached XP level 3. HP: 23/26 MP: 4/4
   740 | D:1      | Learned a level 3 spell: Inner Flame
  1153 | D:2      | Reached skill level 3 in Ranged Weapons
  1153 | D:2      | Reached XP level 4. HP: 24/32 MP: 5/5
  2402 | D:4      | Noticed Grinder
  2406 | D:4      | Paralysed by Grinder for 2 turns
  2530 | D:3      | Reached XP level 5. HP: 34/38 MP: 7/7
  2569 | D:4      | Killed Grinder
  2570 | D:4      | Reached skill level 4 in Ranged Weapons
  2570 | D:4      | Reached XP level 6. HP: 23/44 MP: 5/9
  2574 | D:4      | Learned a level 3 spell: Portal Projectile
  2679 | D:4      | Found a stormy altar of Qazlal.
  2721 | D:4      | Found an iron altar of Okawaru.
  2857 | D:4      | Reached skill level 5 in Ranged Weapons
  2857 | D:4      | Reached skill level 1 in Translocations
  2857 | D:4      | Reached skill level 1 in Fire Magic
  2874 | D:4      | Reached XP level 7. HP: 17/52 MP: 3/10
  3338 | D:4      | Found Itoxirch's Neck Hole.
  3342 | D:4      | Bought a +1 cloak for 149 gold pieces
  3440 | D:5      | Entered Level 5 of the Dungeon
  3485 | D:5      | Noticed Blork the orc
  3490 | D:5      | Killed Blork the orc
  3491 | D:5      | Reached skill level 6 in Ranged Weapons
  3531 | D:5      | Noticed Pikel
  3742 | D:5      | Noticed Ijyb
  3754 | D:5      | Killed Ijyb
  3860 | D:5      | Found a staircase to the Ecumenical Temple.
  3882 | D:5      | Reached XP level 8. HP: 55/60 MP: 10/12
  3891 | Temple   | Entered the Ecumenical Temple
  4038 | Temple   | Became a worshipper of Ashenzari the Shackled
  4068 | D:5      | Reached skill level 5 in Hexes
  4275 | D:5      | Killed Pikel
  4467 | D:6      | Reached skill level 7 in Ranged Weapons
  4518 | D:6      | Reached skill level 5 in Fighting
  4523 | D:6      | Learned a level 4 spell: Cause Fear
  4603 | D:6      | Reached XP level 9. HP: 62/68 MP: 11/15
  5058 | D:6      | Reached skill level 5 in Dodging
  5058 | D:6      | Reached skill level 5 in Spellcasting
  6144 | D:7      | Reached * piety under Ashenzari
  6338 | D:8      | Noticed Grum
  6340 | D:8      | Noticed Joseph
  6346 | D:7      | Killed by an exploding wolf... ignited by their inner flame

Illustrated notes

Levels and vault maps discovered:
D:1:      saegor_arrival_simple_c, layout_basic, minmay_misc_feat_roman,
          minmay_hexomino_c4
D:2:      layout_loops_ring, minmay_3d_cube
D:3:      layout_loops_cross, kennysheep_cross_room, minmay_fountain_box
D:4:      layout_rooms, mainiacjoe_overflow_catwalk_spiral, minivault_24,
          chequers_serial_rivers_micro_c, nicolae_shop_sticking_my_neck_out,
          uniq_grinder
D:5:      layout_rooms, mainiacjoe_overflow_swirl, minmay_temple_entry_trees,
          kennysheep_generic_room_15, uniq_blork_the_orc, uniq_ijyb, uniq_pikel
D:6:      layout_loops_ring
D:7:      layout_layer_cave
D:8:      nzn_winding_woodlands_cross [nzn_winding_woodlands_5x15_sawtooth,
          nzn_winding_woodlands_5x15_eye,
          nzn_winding_woodlands_5x15_pathside_ponds,
          nzn_winding_woodlands_5x15_jagged,
          nzn_winding_woodlands_15x15_thick_spiral], layout_loops_ring, tgw_sif,
          serial_shops, shop, shop, lightli_orcish_oven, uniq_grum, uniq_maggie,
          uniq_erica, uniq_joseph
Temple:   compressed_dpeg_circular_temple

Skill      XL: |  1  2  3  4  5  6  7  8  9 |
---------------+----------------------------+-----
Hexes          | 4 5 6 |  6.1
Ranged Weapons | 3 4 5 6 7 |  7.8
Fighting       | 2 3 5 |  5.6
Spellcasting   | 2 4 5 |  5.4
Dodging        | 3 4 5 |  5.3
Translocations | 1 |  1.6
Fire Magic     | 1 |  1.8

Action                     |  1- 3 |  4- 6 |  7- 9 || total
---------------------------+-------+-------+-------++-------
   Fire: Sling             |   139 |   178 |   337 ||   654
  Throw: Throwing net      |       |     1 |       ||     1
   Cast: Slow              |    23 |    29 |    39 ||    91
         Inner Flame       |       |     3 |    25 ||    28
         Portal Projectile |       |     1 |     4 ||     5
 Invoke: Curse Item        |       |       |     2 ||     2
Ability: Hop               |     1 |       |     1 ||     2
    Use: Scroll            |       |     8 |     4 ||    12
         Potion            |       |     1 |       ||     1
 Armour: Robe              |    15 |    20 |    28 ||    63
  Dodge: Dodged            |    50 |    51 |   119 ||   220

Table legend: (Time is in decaauts)
 A = Elapsed time spent in this place.
 B = Non-inter-level travel time spent in this place.
 C = Inter-level travel time spent in this place.
 D = Time resting spent in this place.
 E = Time spent auto-exploring this place.
 F = Levels seen in this place.
 G = Mean time per level.
                   A        B        C        D        E       F      G
               +--------+--------+--------+--------+--------+-----+--------+
         Total |   7247 |   6562 |    685 |    772 |   4316 |   9 |  805.2 |
       Dungeon |   7067 |   6429 |    638 |    772 |   4202 |   8 |  883.4 |
        Temple |    180 |    134 |     46 |      0 |    113 |   1 |  180.0 |
               +--------+--------+--------+--------+--------+-----+--------+

Top non-repeatable levels by time:
     D:6: 1319 daAuts
     D:1: 1150 daAuts
     D:4: 1059 daAuts
     D:3: 933 daAuts
     D:2: 911 daAuts
     D:5: 883 daAuts
     D:7: 805 daAuts
  Temple: 180 daAuts
     D:8: 3 daAuts
